| TOP OF THE 1ST |
|
Washington State University Cougars batting - Pitching for Oklahoma State University Cowboys : RHP Bob Markle
|
|
Pitching: RHP Bob Markle
|
|
|
Batting: RHB Gebre-Giorgios Wangondu
|
0-0: Called Strike 0-1: Ball 1-1: Ball 2-1: Fly out, F8 (Flyball, 8RD, EV 90.0 MPH)
|
|
Batting: RHB Alex Koral
|
0-0: Ball 1-0: Swinging Strike 1-1: Ball 2-1: Ball 3-1: Foul Ball, location: 2F 3-2: Strikes out swinging
|
|
Batting: RHB Makoto Narita
|
0-0: Called Strike 0-1: Called Strike 0-2: Ball 1-2: Foul Ball, location: 2F 1-2: Reached on error, E6 (Flyball, 56D, EV 96.2 MPH)
|
|
Batting: RHB Melvin Durland
|
0-0: Called Strike 0-1: Fly out, F9 (Flyball, 9, EV 89.4 MPH)
|
| Top of the 1st over - 0 runs, 0 hits, 1 error, 1 left on base; Washington State University 0 - Oklahoma State University 0 |
| BOTTOM OF THE 1ST |
|
Oklahoma State University Cowboys batting - Pitching for Washington State University Cougars : RHP Jalen Young
|
|
Pitching: RHP Jalen Young
|
|
|
Batting: LHB Orlando Rivera
|
0-0: Called Strike 0-1: Swinging Strike 0-2: Foul Ball, location: 2F 0-2: Foul Ball, location: 2F 0-2: Ground out 4-3 (Groundball, 4, EV 81.2 MPH)
|
|
Batting: RHB Wiliama Dana
|
0-0: Hit by Pitch
|
|
Batting: RHB Kinzo Yokoyama
|
0-0: Ball 1-0: Foul Ball, location: 2F 1-1: Fielders Choice at 2nd, 4-6 (Groundball, 4, EV 101.9 MPH)
|
|
Batting: LHB John Fortin
|
0-0: Ball 1-0: Fly out, F9 (Flyball, 9S, EV 96.2 MPH)
|
| Bottom of the 1st over - 0 runs, 0 hits, 0 errors, 1 left on base; Washington State University 0 - Oklahoma State University 0 |
| TOP OF THE 2ND |
|
Washington State University Cougars batting - Pitching for Oklahoma State University Cowboys : RHP Bob Markle
|
|
Batting: RHB Larry Martell
|
0-0: DOUBLE (Flyball, 8RXD, EV 111.2 MPH)
|
|
Batting: SHB Steve DeRienzo
|
0-0: Foul Ball, location: 2F 0-1: Ground out 4-3 (Groundball, 4MS, EV 80.6 MPH) Larry Martell to third
|
|
Batting: RHB Nick Deegan
|
0-0: Fly out, F8 (Flyball, 8RS, EV 82.5 MPH)
|
|
Batting: SHB Sergio Carranza
|
0-0: Foul Ball, location: 2F 0-1: Ball 1-1: Ball 2-1: Swinging Strike 2-2: Ball 3-2: Foul Ball, location: 2F 3-2: Foul Ball, location: 2F 3-2: Ground out 4-3 (Groundball, 4, EV 87.5 MPH)
|
| Top of the 2nd over - 0 runs, 1 hit, 0 errors, 1 left on base; Washington State University 0 - Oklahoma State University 0 |
| BOTTOM OF THE 2ND |
|
Oklahoma State University Cowboys batting - Pitching for Washington State University Cougars : RHP Jalen Young
|
|
Batting: RHB Robbie Gomez
|
0-0: Foul Ball, location: 2F 0-1: Ball 1-1: Foul Ball, location: 2F 1-2: SINGLE (Groundball, 34D, EV 106.2 MPH)
|
|
Batting: SHB Chris Wagler
|
0-0: Swinging Strike 0-1: Ball 1-1: Fly out, F7 (Flyball, 7, EV 86.9 MPH)
|
|
Batting: RHB Larry Clark
|
0-0: Ball 1-0: Called Strike 1-1: Called Strike 1-2: Foul Ball, location: 2F 1-2: Strikes out swinging
|
|
Batting: RHB Mario Arriero
|
0-0: Ball 1-0: Ball 2-0: Called Strike 2-1: SINGLE (Line Drive, 6M, EV 98.1 MPH) Robbie Gomez to second
|
|
Batting: SHB Greg Shaw
|
0-0: Ball 1-0: Fly out, F9 (Flyball, 89S, EV 89.4 MPH)
|
| Bottom of the 2nd over - 0 runs, 2 hits, 0 errors, 2 left on base; Washington State University 0 - Oklahoma State University 0 |
| TOP OF THE 3RD |
|
Washington State University Cougars batting - Pitching for Oklahoma State University Cowboys : RHP Bob Markle
|
|
Batting: RHB Alex Arzate
|
0-0: Ball 1-0: Foul Ball, location: 2F 1-1: Ball 2-1: Foul Ball, location: 2F 2-2: Ground out U3 (Groundball, 34, EV 108.8 MPH)
|
|
Batting: RHB Gebre-Giorgios Wangondu
|
0-0: Ball 1-0: Swinging Strike 1-1: Foul Ball, location: 2F 1-2: Ground out 6-3 (Groundball, 4MS, EV 70.0 MPH)
|
|
Batting: RHB Alex Koral
|
0-0: Foul Ball, location: 2F 0-1: Ball 1-1: Called Strike 1-2: Foul Ball, location: 2F 1-2: SINGLE (Line Drive, 8RS, EV 97.5 MPH)
|
|
Batting: RHB Makoto Narita
|
0-0: Ball 1-0: Ball 2-0: Ball 3-0: Called Strike 3-1: Foul Ball, location: 2F 3-2: Base on Balls Alex Koral to second
|
|
Batting: RHB Melvin Durland
|
0-0: Called Strike 0-1: Ball 1-1: Foul Ball, location: 2F 1-2: Fielders Choice at 2nd, 5-4 (Groundball, 56, EV 107.5 MPH)
|
| Top of the 3rd over - 0 runs, 1 hit, 0 errors, 2 left on base; Washington State University 0 - Oklahoma State University 0 |
| BOTTOM OF THE 3RD |
|
Oklahoma State University Cowboys batting - Pitching for Washington State University Cougars : RHP Jalen Young
|
|
Batting: LHB Orlando Rivera
|
0-0: Ball 1-0: Fly out, F6 (Popup, 6D, EV 48.8 MPH)
|
|
Batting: RHB Wiliama Dana
|
0-0: Ball 1-0: Ball 2-0: Swinging Strike 2-1: Swinging Strike 2-2: Foul Ball, location: 2F 2-2: Foul Ball, location: 2F 2-2: Foul Ball, location: 2F 2-2: Ground out 4-3 (Groundball, 4, EV 102.5 MPH)
|
|
Batting: RHB Kinzo Yokoyama
|
0-0: Ball 1-0: SINGLE (Line Drive, 5D, EV 95.0 MPH)
|
|
Batting: LHB John Fortin
|
0-0: Foul Ball, location: 2F 0-1: Foul Ball, location: 2F 0-2: Fly out, F5 (Popup, 25F, EV 85.0 MPH)
|
| Bottom of the 3rd over - 0 runs, 1 hit, 0 errors, 1 left on base; Washington State University 0 - Oklahoma State University 0 |
| TOP OF THE 4TH |
|
Washington State University Cougars batting - Pitching for Oklahoma State University Cowboys : RHP Bob Markle
|
|
Batting: RHB Larry Martell
|
0-0: Ball 1-0: Ground out 6-3 (Groundball, 6D, EV 105.6 MPH)
|
|
Batting: SHB Steve DeRienzo
|
0-0: Ball 1-0: Ball 2-0: Ball 3-0: Base on Balls
|
|
Batting: RHB Nick Deegan
|
0-0: Ball 1-0: Called Strike 1-1: Ball 2-1: Called Strike 2-2: Ball 3-2: Fly out, F7 (Line Drive, 7, EV 105.6 MPH)
|
|
Batting: SHB Sergio Carranza
|
0-0: Called Strike 0-1: Called Strike 0-2: DOUBLE (Line Drive, 3D, EV 104.4 MPH) Steve DeRienzo to third Runner from 3rd tries for Home, SAFE, no throw by RF
|
|
Batting: RHB Alex Arzate
|
0-0: Ball 1-0: Ball 2-0: Called Strike 2-1: Fly out, F9 (Flyball, 9S, EV 79.4 MPH)
|
| Top of the 4th over - 1 run, 1 hit, 0 errors, 1 left on base; Washington State University 1 - Oklahoma State University 0 |
| BOTTOM OF THE 4TH |
|
Oklahoma State University Cowboys batting - Pitching for Washington State University Cougars : RHP Jalen Young
|
|
Batting: RHB Robbie Gomez
|
0-0: Called Strike 0-1: Ball 1-1: Ground out U3 (Groundball, 34, EV 76.9 MPH)
|
|
Batting: SHB Chris Wagler
|
0-0: Swinging Strike 0-1: Called Strike 0-2: Strikes out looking
|
|
Batting: RHB Larry Clark
|
0-0: Ball 1-0: Called Strike 1-1: Called Strike 1-2: Ground out 2-3 (Groundball, 2R, EV 73.1 MPH)
|
| Bottom of the 4th over - 0 runs, 0 hits, 0 errors, 0 left on base; Washington State University 1 - Oklahoma State University 0 |
| TOP OF THE 5TH |
|
Washington State University Cougars batting - Pitching for Oklahoma State University Cowboys : RHP Bob Markle
|
|
Batting: RHB Gebre-Giorgios Wangondu
|
0-0: Ball 1-0: Ground out 4-3 (Groundball, 4, EV 89.4 MPH)
|
|
Batting: RHB Alex Koral
|
0-0: Called Strike 0-1: Ball 1-1: Ball 2-1: Foul Ball, location: 2F 2-2: SINGLE (Line Drive, 8LS, EV 100.6 MPH)
|
|
Pitching: RHP Daniel Villalobos
|
|
|
Batting: RHB Makoto Narita
|
0-0: Ball 1-0: Ball Alex Koral steals 2nd base 2-0: Ball 3-0: Base on Balls
|
|
Batting: RHB Melvin Durland
|
0-0: Ball 1-0: Ball 2-0: Ball 3-0: Base on Balls Alex Koral to third Makoto Narita to second
|
|
Batting: RHB Larry Martell
|
0-0: Ball 1-0: Ball 2-0: Ball 3-0: Base on Balls Alex Koral scores Makoto Narita to third Melvin Durland to second
|
|
Batting: SHB Steve DeRienzo
|
0-0: Ball 1-0: Foul Ball, location: 2F 1-1: Ball 2-1: Swinging Strike 2-2: Foul Ball, location: 2F 2-2: Foul Ball, location: 2F 2-2: Foul Ball, location: 2F 2-2: Foul Ball, location: 2F 2-2: Ball 3-2: Base on Balls Makoto Narita scores Melvin Durland to third Larry Martell to second
|
|
Batting: RHB Nick Deegan
|
0-0: Foul Ball, location: 2F 0-1: Ball 1-1: Ball 2-1: Fly out, F2 (Popup, 23F, EV 81.2 MPH)
|
|
Batting: SHB Sergio Carranza
|
0-0: Ball 1-0: Called Strike 1-1: Ball 2-1: Ball 3-1: Foul Ball, location: 2F 3-2: Foul Ball, location: 2F 3-2: Fly out, F7 (Flyball, 7LM, EV 80.6 MPH)
|
| Top of the 5th over - 2 runs, 1 hit, 0 errors, 3 left on base; Washington State University 3 - Oklahoma State University 0 |
| BOTTOM OF THE 5TH |
|
Oklahoma State University Cowboys batting - Pitching for Washington State University Cougars : RHP Jalen Young
|
|
Batting: RHB Mario Arriero
|
0-0: Called Strike 0-1: Called Strike 0-2: Foul Ball, location: 2F 0-2: Foul Ball, location: 2F 0-2: Ball 1-2: Ball 2-2: Fly out, F9 (Line Drive, 9D, EV 96.9 MPH)
|
|
Batting: SHB Greg Shaw
|
0-0: Ball 1-0: Ball 2-0: Called Strike 2-1: Called Strike 2-2: Strikes out swinging
|
|
Batting: LHB Orlando Rivera
|
0-0: Called Strike 0-1: Called Strike 0-2: SINGLE (Groundball, 6MD, EV 108.8 MPH)
|
|
Batting: RHB Wiliama Dana
|
0-0: Swinging Strike 0-1: Called Strike Orlando Rivera steals 2nd base 0-2: DOUBLE (Line Drive, 7LM, EV 92.5 MPH) Orlando Rivera scores
|
|
Batting: RHB Kinzo Yokoyama
|
0-0: Called Strike 0-1: Ball 1-1: Called Strike 1-2: Ball 2-2: Foul Ball, location: 2F 2-2: Foul Ball, location: 2F 2-2: Strikes out swinging
|
| Bottom of the 5th over - 1 run, 2 hits, 0 errors, 1 left on base; Washington State University 3 - Oklahoma State University 1 |
| TOP OF THE 6TH |
|
Washington State University Cougars batting - Pitching for Oklahoma State University Cowboys : RHP Daniel Villalobos
|
|
Batting: RHB Alex Arzate
|
0-0: Called Strike 0-1: Fly out, F8 (Flyball, 89D, EV 93.8 MPH)
|
|
Batting: RHB Gebre-Giorgios Wangondu
|
0-0: Called Strike 0-1: Fly out, F7 (Flyball, 7D, EV 103.8 MPH)
|
|
Batting: RHB Alex Koral
|
0-0: Ball 1-0: Called Strike 1-1: Ball 2-1: Ball 3-1: Base on Balls
|
|
Pitching: LHP Adam Clarke
|
|
|
Batting: RHB Makoto Narita
|
0-0: Ball 1-0: Ball 2-0: Ball 3-0: Called Strike 3-1: Base on Balls Alex Koral to second
|
|
Batting: RHB Melvin Durland
|
0-0: Called Strike 0-1: Fly out, F9 (Flyball, 9D, EV 105.0 MPH)
|
| Top of the 6th over - 0 runs, 0 hits, 0 errors, 2 left on base; Washington State University 3 - Oklahoma State University 1 |
| BOTTOM OF THE 6TH |
|
Oklahoma State University Cowboys batting - Pitching for Washington State University Cougars : RHP Jalen Young
|
|
Pitching: RHP Juan Luna
|
|
|
Batting: LHB John Fortin
|
0-0: Fly out, F5 (Popup, 5SF, EV 80.0 MPH)
|
|
Batting: RHB Robbie Gomez
|
0-0: Foul Ball, location: 2F 0-1: Called Strike 0-2: Ball 1-2: Ball 2-2: Ground out 6-3 (Groundball, 6MD, EV 107.5 MPH)
|
|
Batting: SHB Chris Wagler
|
0-0: Ball 1-0: Called Strike 1-1: Swinging Strike 1-2: Foul Ball, location: 2F 1-2: Strikes out swinging
|
| Bottom of the 6th over - 0 runs, 0 hits, 0 errors, 0 left on base; Washington State University 3 - Oklahoma State University 1 |
| TOP OF THE 7TH |
|
Washington State University Cougars batting - Pitching for Oklahoma State University Cowboys : LHP Adam Clarke
|
|
Batting: RHB Larry Martell
|
0-0: Called Strike 0-1: Ball 1-1: Foul Ball, location: 2F 1-2: Ball 2-2: SINGLE (Groundball, 6D, EV 100.6 MPH)
|
|
Batting: SHB Steve DeRienzo
|
0-0: Ball 1-0: Ball 2-0: Ball 3-0: Base on Balls Larry Martell to second
|
|
Batting: RHB Nick Deegan
|
0-0: Called Strike 0-1: Grounds into double play, 5-4-3 (Groundball, 5, EV 103.1 MPH) Larry Martell to third
|
|
Batting: SHB Sergio Carranza
|
0-0: Called Strike 0-1: Called Strike 0-2: Ball 1-2: Ball 2-2: Strikes out looking
|
| Top of the 7th over - 0 runs, 1 hit, 0 errors, 1 left on base; Washington State University 3 - Oklahoma State University 1 |
| BOTTOM OF THE 7TH |
|
Oklahoma State University Cowboys batting - Pitching for Washington State University Cougars : RHP Juan Luna
|
|
Batting: RHB Larry Clark
|
0-0: Foul Ball, location: 2F 0-1: Ground out 4-3 (Groundball, 34D, EV 105.0 MPH)
|
|
Batting: RHB Mario Arriero
|
0-0: Ball 1-0: DOUBLE (Line Drive, 9LM, EV 111.9 MPH)
|
|
Batting: SHB Greg Shaw
|
0-0: Ball 1-0: Fly out, F8 (Line Drive, 8RD, EV 106.9 MPH)
|
|
Batting: LHB Orlando Rivera
|
0-0: Called Strike 0-1: Foul Ball, location: 2F 0-2: Fly out, F8 (Flyball, 8RS, EV 88.1 MPH)
|
| Bottom of the 7th over - 0 runs, 1 hit, 0 errors, 1 left on base; Washington State University 3 - Oklahoma State University 1 |
| TOP OF THE 8TH |
|
Washington State University Cougars batting - Pitching for Oklahoma State University Cowboys : LHP Adam Clarke
|
|
Batting: RHB Alex Arzate
|
0-0: Ball 1-0: Foul Ball, location: 2F 1-1: Ball 2-1: Swinging Strike 2-2: Ball 3-2: SINGLE (Groundball, 6MS, EV 61.2 MPH) (infield hit)
|
|
Batting: RHB Gebre-Giorgios Wangondu
|
0-0: Hit by Pitch Alex Arzate to second
|
|
Batting: RHB Alex Koral
|
0-0: Swinging Strike 0-1: Ball 1-1: SINGLE (Groundball, 6MD, EV 98.8 MPH) Alex Arzate to third Gebre-Giorgios Wangondu to second
|
|
Batting: RHB Makoto Narita
|
0-0: Swinging Strike 0-1: Ball 1-1: Grounds into double play, 6-2-3 (Groundball, 6, EV 84.4 MPH) Gebre-Giorgios Wangondu to third Alex Koral to second
|
|
Batting: RHB Melvin Durland
|
0-0: Called Strike 0-1: Fly out, F7 (Flyball, 78S, EV 95.0 MPH)
|
| Top of the 8th over - 0 runs, 2 hits, 0 errors, 2 left on base; Washington State University 3 - Oklahoma State University 1 |
| BOTTOM OF THE 8TH |
|
Oklahoma State University Cowboys batting - Pitching for Washington State University Cougars : RHP Juan Luna
|
|
Pitching: LHP Quadir Dade
|
|
|
Batting: RHB Wiliama Dana
|
0-0: Called Strike 0-1: Foul Ball, location: 2F 0-2: Ball 1-2: Strikes out swinging
|
|
Batting: RHB Kinzo Yokoyama
|
0-0: Fly out, F8 (Flyball, 8LXD, EV 105.0 MPH)
|
|
Batting: LHB John Fortin
|
0-0: Foul Ball, location: 2F 0-1: Ball 1-1: Ball 2-1: Foul Ball, location: 2F 2-2: Foul Ball, location: 2F 2-2: Foul Ball, location: 2F 2-2: Ball 3-2: SINGLE (Line Drive, 89M, EV 99.4 MPH)
|
|
Batting: RHB Robbie Gomez
|
0-0: Called Strike 0-1: Swinging Strike 0-2: Foul Ball, location: 2F 0-2: Ball 1-2: Ball 2-2: Strikes out swinging
|
| Bottom of the 8th over - 0 runs, 1 hit, 0 errors, 1 left on base; Washington State University 3 - Oklahoma State University 1 |
| TOP OF THE 9TH |
|
Washington State University Cougars batting - Pitching for Oklahoma State University Cowboys : LHP Adam Clarke
|
|
Pitching: RHP Randy Nelligan
|
|
|
Batting: RHB Larry Martell
|
0-0: Called Strike 0-1: Ball 1-1: Foul Ball, location: 2F 1-2: Ball 2-2: Foul Ball, location: 2F 2-2: Ball 3-2: DOUBLE (Line Drive, 89XD, EV 100.6 MPH)
|
|
Batting: SHB Steve DeRienzo
|
0-0: SINGLE (Line Drive, 4MD, EV 107.5 MPH) Larry Martell to third Runner from 3rd tries for Home, throw by CF and OUT! 8-2 Steve DeRienzo to second
|
|
Batting: RHB Nick Deegan
|
0-0: Called Strike 0-1: Swinging Strike 0-2: Strikes out swinging
|
|
Batting: SHB Sergio Carranza
|
0-0: Called Strike 0-1: Called Strike 0-2: Strikes out swinging
|
| Top of the 9th over - 0 runs, 2 hits, 0 errors, 1 left on base; Washington State University 3 - Oklahoma State University 1 |
| BOTTOM OF THE 9TH |
|
Oklahoma State University Cowboys batting - Pitching for Washington State University Cougars : LHP Quadir Dade
|
|
Pitching: RHP Gorgonio Sigua
|
|
|
Now at 3B: Sam Callahan
|
|
|
Batting: SHB Chris Wagler
|
0-0: Ball 1-0: SINGLE (Flyball, 6D, EV 96.9 MPH)
|
|
Pinch Hitting: LHB Ian Cranton
|
0-0: Ball 1-0: Fly out, F9 (Flyball, 9LD, EV 93.1 MPH)
|
|
Batting: RHB Mario Arriero
|
0-0: Called Strike 0-1: Ball 1-1: Ball 2-1: Fly out, F9 (Flyball, 89S, EV 73.8 MPH)
|
|
Pinch Hitting: RHB Josh Hopp
|
0-0: Called Strike 0-1: Swinging Strike 0-2: Strikes out swinging
|
| Bottom of the 9th over - 0 runs, 1 hit, 0 errors, 1 left on base; Washington State University 3 - Oklahoma State University 1 |
|